 Dungeon Crawl Stone Soup version 0.31-a0-8-gd14b0f4ee2 (webtiles) character file.

Game seed: 1408599284361642129

93 gruber the Firebug (level 4, -1/30 HPs)
             Began as a Demonspawn Fire Elementalist on May 6, 2023.
             Slain by a sleepcap (5 damage)
             ... on level 3 of the Dungeon.
             The game lasted 00:03:06 (4174 turns).

gruber the Firebug (Demonspawn Fire Elementalist)   Turns: 4174, Time: 00:03:06

Health: -1/30      AC:  2    Str:  9    XL:     4   Next: 36%
Magic:  8/8        EV: 12    Int: 18    God:
Gold:   106        SH:  0    Dex: 13    Spells: 7/8 levels left

rFire   . . .        l - +4 spear
rCold   . . .        (no shield)
rNeg    . . .        a - +0 robe
rPois   .            (no helmet)
rElec   .            (no cloak)
rCorr   .            (no gloves)
SInv    .            (no boots)
Will    .....        (no amulet)
Stlth   ++           (no ring)
HPRegen 0.25/turn    (no ring)
MPRegen 0.11/turn

%: no passive effects
@: no status effects
A: powered by pain 1, weakness stinger 1
a: no special abilities


You were on level 3 of the Dungeon.
You visited 1 branch of the dungeon, and saw 3 of its levels.

You collected 106 gold pieces.

Inventory:

Hand Weapons
 l - a +4 spear (weapon)
Armour
 a - a +0 robe (worn)
Scrolls
 e - a scroll of fear {unknown}
 g - 4 scrolls of identify {unknown}
 j - a scroll of immolation {unknown}
 m - a scroll of enchant weapon {unknown}
Potions
 b - a potion of magic
 c - 2 potions of lignification {unknown}
 d - a potion of attraction {unknown}
 f - a potion of flight {unknown}
 h - a potion of mutation {unknown}
 i - a potion of heal wounds {unknown}
 k - a potion of curing {unknown}


   Skills:
 - Level 1.7 Dodging
 - Level 1.7 Stealth
 + Level 2.9 Spellcasting
 + Level 1.9 Conjurations
 + Level 3.9 Fire Magic


You had 7 spell levels left.
You knew the following spells:

 Your Spells              Type           Power      Damage    Failure   Level
a - Foxfire               Conj/Fire      52%        2x1d6     4%          1

Your spell library contained the following spells:

 Spells                   Type           Power      Damage    Failure   Level
 Scorch                   Fire           32%        2d6       4%          2
 Inner Flame              Hex/Fire       9%         N/A       22%         3
 Volatile Blastmotes      Fire/Tloc      18%        2d11      22%         3
 Ozocubu's Armour         Ice            2%         N/A       45%         3
 Flame Wave               Conj/Fire      13%        2d6       45%         4
 Ozocubu's Refrigeration  Ice            1%         4d7       100%        7


Dungeon Overview and Level Annotations

Branches:
Dungeon (3/15)

Altars:

Shops:
D:1 :   D:2 :[


Innate Abilities, Weirdness & Mutations

You sometimes gain a little power by taking damage.
You have a small tail.


Message History

No target in view!
No target in view!
Your foxfire dissipates!
You see here a hobgoblin corpse.
There is an open door here.
There is an open door here.
A sleepcap comes into view.
The sleepcap moves out of view.
A ball python, an adder and 3 sleepcaps come into view.
Found a glowing hat.
There are monsters nearby!
There are monsters nearby!
You conjure some foxfire!
The foxfire hits the sleepcap.
The sleepcap is lightly damaged.
The foxfire hits the sleepcap.
The sleepcap is moderately damaged.
You conjure some foxfire!
You conjure some foxfire!
The foxfire hits the sleepcap.
The sleepcap is moderately damaged.
The foxfire hits the sleepcap.
The sleepcap is moderately damaged.
The sleepcap misses you.
The foxfire hits the sleepcap.
The sleepcap is lightly damaged.
You conjure some foxfire!
The foxfire hits the sleepcap but does no damage.
The sleepcap is moderately damaged.
The sleepcap releases spores at you.
You are engulfed in a cloud of soporific spores!
You fall asleep.
The foxfire hits the sleepcap.
The sleepcap is heavily damaged.
The foxfire hits the sleepcap.
The sleepcap is heavily damaged.
The sleepcap releases spores at you!!
You wake up.
Ouch! That really hurt!
* * * LOW HITPOINT WARNING * * *
You focus on the pain.
You feel your power returning.
You are engulfed in a cloud of soporific spores!
You are unaffected.
The sleepcap releases spores at you.
You die...

#.# #.# #.# ###.### ######
#####.....# #.....
#.........#########.#.#.
#.###.............#.....
#########.###.f...#######.#..)⌠.
#.............f@..# #####.......
#...#####.###....## #.........⌠.
#.... #........# #.###.#.....
#.... ##########.## #.# #.#.#.#.
##.S. #.# #.# #[# #....... #S.f
#.# ##'## #.# #####.## ##.# #.#
##...## #.#######.# #[ ##.#
##.....###.........# ##..#
##.......######.###.#


You could see 2 sleepcaps.

Vanquished Creatures
  3 adders
  An orc (D:3)
  5 ball pythons
  3 endoplasms
  A giant cockroach (D:1)
  7 hobgoblins
  9 jackals
  4 kobolds
  2 quokkas
  8 bats
  7 frilled lizards
  7 goblins
  3 rats
60 creatures vanquished.

Vanquished Creatures (others)
  277 foxfires
277 creatures vanquished.

Grand Total: 337 creatures vanquished

Notes
Turn   | Place    | Note
-------+----------+-------------------------------------------
     0 | D:1      | gruber the Demonspawn Fire Elementalist began the quest for
                  | the Orb.
     0 | D:1      | Reached XP level 1. HP: 13/13 MP: 3/3
   119 | D:1      | Reached skill level 3 in Fire Magic
   244 | D:1      | Gained mutation: You sometimes gain a little power by
                  | taking damage. [demonic ancestry]
   244 | D:1      | Reached XP level 2. HP: 19/19 MP: 0/5
  1198 | D:1      | Gained mutation: You have a small tail. [demonic ancestry]
  1198 | D:1      | Reached XP level 3. HP: 24/24 MP: 1/6
  1403 | D:1      | Found Kotodir's Book Boutique.
  1860 | D:2      | Found Egycearph's Armour Shop.
  2474 | D:2      | Found Xirozoma's Vocational Training.
  2976 | D:2      | Reached XP level 4. HP: 25/30 MP: 2/8
  4174 | D:3      | Slain by a sleepcap

Illustrated notes

Levels and vault maps discovered:
D:1:      lemuel_arrival_river_ford, layout_loops_corners, serial_shops,
          nicolae_shop_crystal
D:2:      layout_basic, serial_shops, shop, chequers_serial_rivers_micro_c,
          nicolae_shop_vocational
D:3:      layout_loops_corners, elyvilon_altar_5, hellmonk_no_cap

Skill      XL: |  1 |
---------------+----+-----
Fire Magic     | 3 |  3.9
Dodging        | |  1.7
Stealth        | |  1.7
Spellcasting   | |  2.9
Conjurations   | |  1.9

Action                     |  1- 3 |  4- 6 || total
---------------------------+-------+-------++-------
  Melee: Unarmed           |    24 |     1 ||    25
         Tailslap          |     3 |       ||     3
         Spear             |       |     1 ||     1
   Cast: Foxfire           |   130 |    48 ||   178
 Armour: Robe              |    19 |     3 ||    22
  Dodge: Dodged            |    59 |     9 ||    68

Table legend: (Time is in decaauts)
 A = Elapsed time spent in this place.
 B = Non-inter-level travel time spent in this place.
 C = Inter-level travel time spent in this place.
 D = Time resting spent in this place.
 E = Time spent auto-exploring this place.
 F = Levels seen in this place.
 G = Mean time per level.
                   A        B        C        D        E       F      G
               +--------+--------+--------+--------+--------+-----+--------+
         Total |   4179 |   4160 |     19 |      0 |   3665 |   3 | 1393.0 |
       Dungeon |   4179 |   4160 |     19 |      0 |   3665 |   3 | 1393.0 |
               +--------+--------+--------+--------+--------+-----+--------+

Top non-repeatable levels by time:
     D:1: 1568 daAuts
     D:2: 1532 daAuts
     D:3: 1079 daAuts
